Map: Artillería pesada EE

Players

MrFercho - Winner!

  • Race: Zerg Zerg
  • Spawn Location: 1:00

tigro - Winner!

  • Race: Terran Terran
  • League: Bronze
  • Spawn Location: 3:00

Zardos

  • Race: Protoss Protoss
  • Spawn Location: 7:00

voltageShift

  • Race: Terran Terran
  • Spawn Location: 7:00

VOD

Have the link to the VOD?

Description

Time

  • Played on: June 11, 2020, 11:09 p.m.
  • Length: 11:53
Show
View Real Time Build Order
Export as new Build Order

MrFercho Zerg - Winner!

Build Orders: Hatch First 

Get SALT Encoding   

  12  0:01  Drone  
  13  0:16  Overlord  
  13  0:34  Drone  
  13  0:35  Drone x2  
  16  1:00  Hatchery  
  16  1:04  Drone x2  
  17  1:14  Spawning Pool  
  16  1:25  Overlord  
  16  1:26  Drone  
  16  1:28  Drone  
  18  1:39  Drone  
  19  1:58  Drone  
  20  2:04  Extractor  
  20  2:07  Drone  
  20  2:22  Queen x2  
  20  2:24  Drone x4  
  28  2:32  Drone  
  28  2:34  Drone  
  30  2:47  Drone x2  
  30  2:48  Roach Warren  
  31  2:56  Drone x2  
  31  2:57  Extractor  
  32  3:01  Queen  
  34  3:07  Lair  
  34  3:12  Drone x2  
  36  3:22  Overlord x2  
  36  3:40  Roach x2  
  36  3:41  Roach x2  
  44  3:43  Roach  
  44  3:45  Drone x3  
  49  3:51  Drone x2  
  49  3:52  Extractor  
  49  3:54  Extractor  
  49  4:13  Drone  
  49  4:15  Drone  
  51  4:31  Drone  
  52  4:34  Overlord x3  
  52  4:35  Overlord x2  
  52  4:36  Overlord  
  52  5:06  Hatchery  
  51  5:10  Extractor  
  51  5:12  Extractor  
  49  5:23  Hydralisk Den  
  49  5:25  Glial Reconstitution  
  49  5:27  Evolution Chamber x2  
  46  5:41  Drone x13  
  59  5:47  Drone  
  60  5:52  Drone  
  61  6:10  Grooved Spines  
  61  6:13  Zerg Missile Weapons Level 1  
  61  6:17  Zerg Ground Armor Level 1  
  61  6:28  Infestation Pit  
  61  6:30  Hydralisk x6  
  72  6:34  Drone x3  
  75  6:45  Drone x3  
  78  6:58  Drone x3  
  81  7:07  Drone  
  81  7:08  Hatchery  
  81  7:13  Drone x6  
  81  7:14  Drone x4  
  91  7:21  Muscular Augments  
  91  7:36  Drone x2  
  91  7:37  Drone x2  
  95  7:51  Overlord  
  95  7:52  Overlord x3  
  95  7:54  Overlord  
  95  8:03  Hatchery  
  94  8:08  Hydralisk x6  
  94  8:09  Hydralisk x6  
  94  8:10  Extractor, Hydralisk x2  
  94  8:11  Extractor  
  120  8:16  Hydralisk x2  
  120  8:17  Hydralisk  
  126  8:21  Zerg Missile Weapons Level 2, Zerg Ground Armor Level 2  
  126  8:25  Hive  
  126  8:36  Hydralisk x4  
  126  8:37  Nydus Network, Hydralisk  
  135  8:44  Drone x5  
  135  8:45  Drone  
  135  8:46  Drone  
  94  9:46  Hydralisk  
  94  9:47  Hydralisk x20  
  94  9:48  Hydralisk x7  
  94  9:51  Overseer  
  148  10:01  Spine Crawler  
  148  10:04  Spine Crawler  
  141  10:37  Overseer  
  141  10:41  Hydralisk x8  
  157  10:45  Overlord x3  
  157  10:46  Overlord x3  
  157  10:56  Nydus Canal  
  157  11:02  Drone  
  157  11:03  Drone x8  
  157  11:04  Drone x2  
Show
View Real Time Build Order
Export as new Build Order

tigro Terran - Winner!

Build Orders:  

Get SALT Encoding   

  12  0:02  SCV  
  13  0:14  SCV  
  14  0:26  SCV  
  15  0:30  Supply Depot, Refinery  
  15  0:46  Refinery  
  15  0:51  SCV  
  16  1:04  Barracks  
  16  1:12  SCV  
  17  1:24  SCV  
  18  1:36  SCV  
  19  1:41  Supply Depot  
  19  1:48  SCV  
  20  2:00  SCV  
  21  2:04  Marine  
  22  2:21  Marine  
  23  2:39  Marine  
  23  2:40  Barracks  
  24  2:48  SCV  
  25  2:53  Engineering Bay  
  25  2:57  Marine  
  26  3:15  Marine  
  26  3:18  Orbital Command  
  27  3:29  Barracks Tech Lab  
  27  3:37  Factory  
  27  3:38  Terran Infantry Weapons Level 1  
  27  3:52  Barracks Tech Lab  
  27  4:01  Command Center  
  27  4:09  Combat Shield  
  27  4:21  Concussive Shells  
  27  4:34  Marine x2  
  29  4:41  Refinery  
  29  4:42  Factory Tech Lab  
  29  4:52  Marine x2  
  31  5:10  Marine x2  
  33  5:28  Marine x2  
  35  5:32  Refinery  
  35  5:33  Terran Infantry Armor Level 1  
  35  5:34  SCV  
  36  5:45  Marine  
  36  5:46  Marine, SCV  
  39  5:50  Starport  
  39  5:55  Siege Tank  
  42  5:58  SCV  
  42  6:02  Stimpack  
  43  6:10  SCV  
  44  6:22  SCV  
  45  6:28  Starport  
  45  6:34  SCV  
  46  6:46  SCV  
  47  6:48  Medivac  
  49  7:14  Starport Tech Lab  
  49  7:18  Medivac  
  51  7:27  Fusion Core, Neosteel Armor  
  51  7:33  Marine x2  
  53  7:43  Planetary Fortress  
  53  7:51  Marine x2  
  55  7:59  Missile Turret  
  55  8:05  Starport Tech Lab  
  55  8:09  Marine x2  
  57  8:17  Armory  
  57  8:20  Missile Turret  
  57  8:27  Marine x2  
  59  8:45  Marine x2  
  61  8:54  Missile Turret  
  60  9:07  Hi-Sec Auto Tracking  
  44  9:27  Missile Turret  
  36  10:17  Marine  
  36  10:18  Marine  
  38  10:30  Battlecruiser  
  44  10:35  Marine x2  
  46  10:44  SCV  
  47  10:53  Marine x2  
  47  10:56  SCV  
  50  11:03  Supply Depot  
  50  11:08  SCV  
  50  11:11  Marine x2  
  53  11:20  SCV  
  54  11:25  Supply Depot  
  54  11:29  Marine x2  
  54  11:32  SCV  
Show
View Real Time Build Order
Export as new Build Order

Zardos Protoss 

Build Orders:  

Get SALT Encoding   

  12  0:20  Pylon  
  12  0:21  Probe  
  13  0:38  Probe  
  14  0:45  Gateway  
  14  0:50  Probe  
  15  1:10  Assimilator  
  15  1:11  Probe  
  15  1:13  Assimilator  
  16  1:23  Probe  
  17  1:35  Probe  
  18  1:49  Probe  
  18  1:50  Pylon  
  19  1:56  Cybernetics Core  
  19  2:01  Probe  
  20  2:13  Probe  
  21  2:25  Probe  
  21  2:26  Warp Gate  
  22  2:37  Probe  
  22  2:40  Pylon  
  23  3:03  Twilight Council  
  23  3:04  Probe  
  24  3:14  Gateway  
  24  3:35  Pylon  
  24  3:56  Gateway  
  24  4:14  Dark Shrine  
  24  4:26  Pylon  
  24  4:56  Gateway  
  24  5:20  Gateway  
  23  5:24  Gateway  
  23  5:32  Gateway  
  23  5:35  Gateway  
  23  5:39  Dark Templar  
  23  5:41  Dark Templar x2  
  29  6:07  Pylon  
  29  6:23  Dark Templar x2  
  29  6:24  Dark Templar  
  29  6:25  Dark Templar  
  37  6:26  Dark Templar  
  39  6:38  Gateway  
  39  6:39  Gateway  
  39  7:08  Dark Templar x2  
  41  7:09  Dark Templar  
  45  7:17  Pylon  
  45  7:33  Nexus  
  45  7:35  Dark Templar  
  47  7:47  Gateway  
  47  8:14  Assimilator  
  47  8:34  Dark Templar  
  47  8:35  Dark Templar x2  
  53  9:00  Dark Templar  
  55  9:22  Dark Templar  
  25  10:05  Probe  
  26  10:11  Dark Templar x2  
  28  10:17  Probe  
  29  10:29  Probe  
  30  10:38  Dark Templar  
  32  10:52  Probe  
  32  10:53  Assimilator  
  33  11:03  Dark Templar  
  35  11:04  Probe  
  36  11:17  Probe  
Show
View Real Time Build Order
Export as new Build Order

voltageShift Terran 

Build Orders:  

Get SALT Encoding   

  12  0:01  SCV  
  13  0:15  Supply Depot  
  13  0:18  SCV  
  14  0:30  SCV  
  15  0:40  Barracks  
  15  0:42  SCV  
  16  0:47  Refinery  
  16  0:54  SCV  
  17  1:06  SCV  
  18  1:27  Orbital Command  
  18  1:28  Barracks  
  18  1:30  Marine  
  19  1:54  Barracks Reactor  
  19  1:56  SCV  
  20  2:02  Supply Depot  
  20  2:08  SCV  
  21  2:17  Factory  
  21  2:22  SCV  
  22  2:24  Command Center  
  22  2:27  Barracks Reactor  
  22  2:42  SCV  
  23  2:47  Marine x2  
  23  2:51  Supply Depot  
  25  2:54  SCV  
  26  3:04  Marine x2  
  28  3:07  SCV  
  29  3:15  Starport  
  29  3:18  Barracks  
  29  3:19  SCV  
  30  3:20  Refinery  
  30  3:31  SCV  
  31  3:38  Marine x4  
  35  3:43  SCV  
  36  3:53  Factory Tech Lab  
  36  3:54  Starport Reactor  
  36  3:55  Marine  
  36  4:00  SCV  
  39  4:04  Orbital Command  
  39  4:07  Barracks  
  39  4:09  Refinery  
  38  4:13  SCV  
  38  4:16  Marine x2  
  41  4:19  Barracks Reactor  
  41  4:25  SCV  
  41  4:27  Marine x2  
  44  4:31  Medivac  
  44  4:33  Marine  
  44  4:37  SCV  
  48  4:52  Armory  
  48  4:57  Barracks Reactor  
  48  5:01  Barracks  
  48  5:10  Medivac  
  50  5:16  SCV x2  
  50  5:18  Refinery  
  52  5:28  SCV  
  52  5:29  SCV  
  54  5:57  Medivac x2, Marine x3, SCV  
  62  6:11  Command Center  
  62  6:31  Supply Depot  
  62  6:46  Barracks Reactor  
  62  6:52  Medivac, Marine x6  
  62  6:53  Supply Depot  
  70  7:14  Marine x4, Siege Tank, SCV  
  70  7:15  Supply Depot  
  78  7:22  Medivac, Marine x4, SCV  
  85  7:26  Orbital Command  
  85  7:32  Command Center, Marine x4  
  85  7:36  SCV x2  
  91  7:38  Supply Depot  
  91  7:40  Marine x2  
  93  7:46  Siege Tank  
  96  7:58  Marine x4  
  96  7:59  Marine x4  
  96  8:00  Medivac x2  
  108  8:30  Medivac x2  
  112  8:58  Marine x6  
  112  8:59  Marine  
  112  9:00  Medivac x2  
  87  9:17  Marine x7  
  76  9:18  Marine x2  
  79  9:30  Medivac x2  
  66  9:48  SCV  
  66  9:49  SCV x2  
  69  9:56  Refinery  
  69  10:00  Medivac, SCV  
  72  10:10  Fusion Core  
  72  10:12  SCV  
  73  10:18  Orbital Command  
  73  10:24  SCV x2  
  75  10:33  Marine x2  
  75  10:34  Marine x5  
  75  10:35  Marine  
  83  10:37  Thor  
  89  10:54  Ghost Academy  
  89  10:55  Marine x6  
  89  10:56  Marine x4  
  99  11:12  Marine  
  99  11:13  Marine x6  
  99  11:14  Marine x3  
  95  11:30  Marine x2  
  95  11:31  Marine x7  
Tags
 
Add a new tag
Caveats
  • Supply blocks, unpowered buildings, or Contaminate may cause inaccurate times.
  • Supply counts are checked every 10 seconds.